 Dungeon Crawl Stone Soup version 0.31.0-11-ge490571c62 (webtiles) character file.

Game seed: 18125242383494697145

5107 Flugkiller the Thaumaturge (level 10, 0/51 HPs)
             Began as a Vine Stalker Ice Elementalist on Feb 1, 2024.
             Was a Believer of Sif Muna.
             Slain by a cyclops (14 damage)
             ... on level 11 of the Dungeon.
             The game lasted 00:20:13 (2710 turns).

Flugkiller the Thaumaturge (VSIE)                   Turns: 2710, Time: 00:20:13

Health: 0/51       AC: 11    Str: 10    XL:     10   Next: 57%
Magic:  0/26       EV: 13    Int: 19    God:    Sif Muna [**....]
Gold:   245        SH:  0    Dex: 16    Spells: 21/31 levels left

rFire   . . .        g - +0 dagger (drain)
rCold   . . .        (no shield)
rNeg    . . .        D - +0 troll leather armour
rPois   .            (no helmet)
rElec   .            v - +2 cloak
rCorr   .            (no gloves)
SInv    .            (no boots)
Will    +....        (no amulet)
Stlth   ++           (no ring)
HPRegen 1.88/turn    (no ring)
MPRegen 0.20/turn

%: guardian spirit
@: ice-armoured, freezing walls
A: fangs 3, regeneration 1, magic shield, antimagic bite, no potion heal 2
a: Renounce Religion, Channel Magic


You were on level 11 of the Dungeon.
You worshipped Sif Muna.
Sif Muna was pleased with you.
You visited 1 branch of the dungeon, and saw 11 of its levels.

You collected 245 gold pieces.

Inventory:

Hand Weapons
 b - a +3 hand axe
   (You took it off a wight on level 6 of the Dungeon)
 e - a +2 scimitar
   (You found it on level 8 of the Dungeon)
 g - a +0 dagger of draining (weapon)
   (You took it off a kobold on level 3 of the Dungeon)
 k - a +0 dire flail of draining
   (You took it off Edmund on level 5 of the Dungeon)
 m - the +0 whip "Votiasoa" {freeze, rF- rC+ Stlth+}
   (You found it on level 6 of the Dungeon)

   rF-:       It makes you vulnerable to fire.
   rC+:       It protects you from cold.
   Stlth+:    It makes you more stealthy.
 r - a +2 trident of flaming
   (You took it off an orc on level 9 of the Dungeon)
 x - a +4 dagger of chaos
   (You took it off Psyche on level 9 of the Dungeon)
Armour
 a - a +0 robe
 v - a +2 cloak (worn)
   (You found it on level 7 of the Dungeon)
 D - a +0 troll leather armour (worn)
   (You found it on level 11 of the Dungeon)
Wands
 w - a wand of flame (11)
   (You took it off Psyche on level 9 of the Dungeon)
Scrolls
 c - a scroll of silence
 d - 4 scrolls of fog
 f - 2 scrolls of vulnerability
 j - 2 scrolls of enchant armour
 l - a scroll of revelation {unknown}
 n - 3 scrolls of summoning
 p - a scroll of immolation
 q - a scroll of torment {unknown}
 s - a scroll of poison
 t - 3 scrolls of teleportation
 y - a scroll of acquirement {unknown}
 z - 2 scrolls of blinking
 A - a scroll of enchant weapon {unknown}
 B - a scroll of brand weapon {unknown}
Potions
 h - 3 potions of haste
 i - a potion of enlightenment
 o - a potion of mutation {unknown}
 u - a potion of might {unknown}
 C - a potion of lignification {unknown}
 E - a potion of magic


   Skills:
 + Level 5.0 Fighting
 - Level 4.0 Dodging
 - Level 2.4 Stealth
 + Level 11.1 Spellcasting
 - Level 2.0 Summonings
 - Level 7.0 Ice Magic
 - Level 5.0 Invocations


You had 21 spell levels left.
You knew the following spells:

 Your Spells              Type           Power      Damage    Failure   Level
a - Freeze                Ice            100%       1d10      1%          1
b - Frozen Ramparts       Ice            74%        1d12      1%          3
c - Ozocubu's Armour      Ice            37%        N/A       1%          3
d - Summon Ice Beast      Ice/Summ       27%        N/A       4%          3

Your spell library contained the following spells:

 Spells                   Type           Power      Damage    Failure   Level
 Blink                    Tloc           20%        N/A       14%         2
 Lesser Beckoning         Tloc           20%        N/A       14%         2
 Momentum Strike          Conj/Tloc      20%        3d8       14%         2
 Static Discharge         Conj/Air       20%        3-4/arc   14%         2
 Summon Lightning Spire   Summ/Air       14%        N/A       52%         4
 Airstrike                Air            5%         2d(1-17)  65%         4


Dungeon Overview and Level Annotations

Branches:
Dungeon (11/15) Zot: 26799  Temple (0/1) D:7            Lair (0/5) D:11
    Orc: D:9-12

Altars:
Ashenzari
Dithmenos
Elyvilon
Fedhas
Hepliaklqana
Kikubaaqudgha
Sif Muna
Zin
The Shining One

Annotations:
D:2 Natasha
D:5 Grinder
D:11 exclusion: oklob plant


Innate Abilities, Weirdness & Mutations

You have razor-sharp teeth.
Your natural rate of healing is unusually fast.
When hurt, damage is shared between your health and your magic reserves.
Your bite disrupts and absorbs the magic of your enemies.
Potions cannot restore your health.


Message History

The helpless shadow fails to defend itself.
You hit the shadow. You bite the shadow. You drain its power.
You feel invigorated.
The shadow is lightly damaged.
The shadow hits you.
You barely miss the shadow. Your bite misses the shadow.
The shadow is lightly damaged.
Your ice beast disappears in a puff of smoke!
The shadow barely misses you.
You hit the shadow but do no damage. Your bite misses the shadow.
The shadow is lightly damaged.
The shadow closely misses you.
You hit the shadow but do no damage. You bite the shadow! You drain its power.
You feel invigorated.
The shadow is moderately damaged.
The shadow hits you.
You hit the shadow but do no damage. You bite the shadow, but do no damage.
The shadow is moderately damaged.
The shadow misses you.
You hit the shadow. Your bite misses the shadow.
The shadow is moderately damaged.
The shadow slips into darkness.
The shadow flickers and vanishes!
Deactivating autopickup; reactivate with Ctrl-A.
You barely miss something.
The shadow strikes at you from the darkness!
Reactivating autopickup.
Casting: Summon Ice Beast (dangerous; 4% risk of failure)
Confirm with . or Enter, or press ? or * to list all spells.
A film of ice covers your body! The shadow hits you.
You hit the shadow but do no damage.
The shadow is moderately damaged.
The shadow completely misses you.
You hit the shadow but do no damage. You bite the shadow! You drain its power.
You feel invigorated.
The shadow is severely damaged.
The shadow closely misses you.
You barely miss the shadow.
The shadow is severely damaged.
The shadow barely misses you.
You hit the shadow but do no damage. Your bite misses the shadow.
The shadow is severely damaged.
The shadow barely misses you.
You closely miss the shadow. You bite the shadow. You drain its power.
You feel invigorated.
The shadow is severely damaged.
The shadow closely misses you.
You hit the shadow but do no damage. You bite the shadow. You drain its power.
You feel invigorated.
The shadow is almost destroyed.
The shadow hits you.
You hit the shadow but do no damage. You bite the shadow. You drain its power.
You feel invigorated.
The shadow is almost destroyed.
The shadow closely misses you.
You hit the shadow. You bite the shadow.
You destroy the shadow!
Sif Muna accepts your kill.
Your Fighting skill increases to level 5!
Your icy armour cracks and falls away as you move.
d - 4 scrolls of fog (gained 3)
There is a stone staircase leading up here.
You climb upwards.
There is a stone staircase leading down here.
There is a stone staircase leading down here.
There is a stone staircase leading down here.
You are a level 10 Vine Stalker Ice Elementalist.
You are 57% of the way to level 11.
Play time: 00:19:55 (2676 turns).
Zot will find you in 26834 turns if you stay in this branch and explore no new floors.
Unknown command.
There is a stone staircase leading down here.
You climb downwards.
Level annotation: exclusion: oklob plant
There is a stone staircase leading up here.
Found a stone staircase leading up.
There is a stone staircase leading up here.
Found a trident.
Found a stone staircase leading down.
The cyclops throws a large rock.
The large rock misses you.
The cyclops throws a large rock.
The large rock misses you.
The cyclops throws a large rock.
The large rock closely misses you. The cyclops hits you!!
Casting: Ozocubu's Armour (safe; 1% risk of failure)
Confirm with . or Enter, or press ? or * to list all spells.
The walls around you are covered in ice.
The wall freezes the cyclops!
The cyclops hits you!
Casting: Frozen Ramparts (safe; 1% risk of failure)
Confirm with . or Enter, or press ? or * to list all spells.
A film of ice covers your body!
The wall freezes the cyclops!
The cyclops completely misses you.
You hit the cyclops but do no damage. You bite the cyclops, but do no damage.
The cyclops is moderately wounded.
You hit the cyclops but do no damage.
The cyclops is moderately wounded.
The wall freezes the cyclops!
The cyclops hits you!!
* * * LOW HITPOINT WARNING * * *
Unknown command.
You hit the cyclops but do no damage.
The cyclops is severely wounded.
The wall freezes the cyclops!
The cyclops hits you!!
You die...

#.#..###
##..##########....##.P
#......####..## #.....#..
#..<......### #...#..!≈
##.#.###.....# ##...####
#...###.###.... ##.###.#
###.....###..## #.#...#
#######.......... #...#
........#......C##### ##..#
....####........@...#
#.#### [...#
.....$....##.## #....#
....# #..........##)##.#
##..... ....#
#...........#....####..##..
#.###
#............##...##..## ##
#. #............# #.....##
## .........#..###.##..###
..........#..##.##....####
..........#<....##.##.<...


You could see a cyclops.

Vanquished Creatures
  Psyche (D:9)
  A troll (D:11)
  A hornet (D:10)
  2 slime creatures (D:10)
  10 yaks
  2 shadows
  A steam dragon (D:9)
  2 water moccasins
  2 black bears (D:6)
  A sky beast (D:6)
  3 orc warriors
  A centaur (D:7)
  2 bullfrogs (D:8)
  2 howler monkeys (D:10)
  A hound (D:4)
  3 orc priests
  An iguana (D:4)
  An orc wizard (D:6)
  An adder (D:6)
  2 shadow imps
  2 ufetubi (D:6)
  A ribbon worm (D:3)
  15 orcs
  An endoplasm (D:3)
  A giant cockroach (D:4)
  2 hobgoblins (D:4)
  3 jackals (D:3)
  A kobold (D:3)
  2 ball pythons
  2 rats (D:3)
70 creatures vanquished.

Vanquished Creatures (collateral kills)
  3 slime creatures (D:10)
  A water moccasin (D:6)
  Edmund (D:5)
  A bullfrog (D:8)
  A scorpion (D:6)
  A wight (D:6)
  A jelly (D:6)
  An orc priest (D:7)
  An iguana (D:7)
  2 white imps
  2 orcs
15 creatures vanquished.

Vanquished Creatures (others)
  A wight (D:8)
1 creature vanquished.

Grand Total: 86 creatures vanquished

Notes
Turn   | Place    | Note
-------+----------+-------------------------------------------
     0 | D:1      | Flugkiller the Vine Stalker Ice Elementalist began the
                  | quest for the Orb.
     0 | D:1      | Reached XP level 1. HP: 9/9 MP: 4/4
    51 | D:2      | Noticed Natasha
    55 | D:2      | You fall into a shaft and drop 1 floor!
   173 | D:3      | Reached XP level 2. HP: 13/13 MP: 0/6
   209 | D:3      | Found an ancient bone altar of Kikubaaqudgha.
   247 | D:3      | Found a faded altar of an unknown god.
   301 | D:4      | Found a shadowy altar of Dithmenos.
   329 | D:4      | Reached skill level 3 in Spellcasting
   329 | D:4      | Reached XP level 3. HP: 13/16 MP: 3/8
   341 | D:4      | Learned a level 3 spell: Frozen Ramparts
   346 | D:4      | Found a shimmering blue altar of Sif Muna.
   370 | D:4      | Became a worshipper of Sif Muna the Loreminder
   382 | D:4      | Found a hazy altar of Hepliaklqana.
   562 | D:4      | Found a broken altar of Ashenzari.
   570 | D:4      | Reached XP level 4. HP: 8/21 MP: 0/10
   576 | D:5      | Entered Level 5 of the Dungeon
   576 | D:5      | Noticed an ice beast
   635 | D:5      | Noticed Grinder
   650 | D:5      | Learned a level 3 spell: Ozocubu's Armour
   654 | D:5      | Learned a level 3 spell: Summon Ice Beast
   707 | D:5      | Reached skill level 5 in Ice Magic
   713 | D:5      | Noticed Edmund
   762 | D:5      | Killed Edmund
   763 | D:5      | Reached skill level 4 in Spellcasting
   763 | D:5      | Reached XP level 5. HP: 24/24 MP: 2/12
   871 | D:6      | Reached skill level 1 in Summonings
   871 | D:6      | Reached XP level 6. HP: 28/28 MP: 9/13
   871 | D:6      | Noticed a water moccasin
   886 | D:6      | Killed a water moccasin
   887 | D:6      | Reached skill level 5 in Spellcasting
   891 | D:6      | Noticed a water moccasin
   904 | D:6      | Killed a water moccasin
   905 | D:6      | Reached XP level 7. HP: 32/32 MP: 5/16
   933 | D:6      | Reached skill level 6 in Spellcasting
   959 | D:6      | Identified the +0 whip "Votiasoa" {freeze, rF- rC+ Stlth+}
  1018 | D:6      | Gained mutation: You have razor-sharp teeth. [Vine Stalker
                  | growth]
  1018 | D:6      | Reached XP level 8. HP: 11/35 MP: 4/18
  1155 | D:6      | Found a blossoming altar of Fedhas.
  1347 | D:7      | Reached * piety under Sif Muna
  1371 | D:7      | Reached skill level 7 in Spellcasting
  1376 | D:7      | Found a staircase to the Ecumenical Temple.
  1611 | D:8      | Reached skill level 8 in Spellcasting
  1805 | D:8      | Reached XP level 9. HP: 12/36 MP: 2/22
  1897 | D:9      | Reached skill level 5 in Invocations
  1904 | D:9      | Noticed a troll
  2098 | D:10     | Entered Level 10 of the Dungeon
  2250 | D:9      | Noticed Psyche
  2270 | D:9      | Killed Psyche
  2271 | D:9      | Reached skill level 9 in Spellcasting
  2321 | D:10     | Reached ** piety under Sif Muna
  2339 | D:10     | Reached skill level 10 in Spellcasting
  2344 | D:10     | Reached XP level 10. HP: 17/49 MP: 19/25
  2458 | D:10     | Reached skill level 11 in Spellcasting
  2496 | D:10     | Found a glowing golden altar of the Shining One.
  2497 | D:10     | Found a white marble altar of Elyvilon.
  2498 | D:10     | Found a glowing silver altar of Zin.
  2515 | D:11     | Noticed a cyclops
  2590 | D:11     | Found a staircase to the Lair.
  2590 | D:11     | Noticed an oklob plant
  2649 | D:11     | Reached skill level 5 in Fighting
  2710 | D:11     | Slain by a cyclops

Illustrated notes

Levels and vault maps discovered:
D:1:      lemuel_arrival_tunnels, layout_basic
D:2:      layout_rooms, serial_glass, glass_columns_c, glass_columns_a,
          glass_columns_b, glass_columns_c, eino_curves_03, uniq_natasha
D:3:      layout_basic, mainiacjoe_overflow_paths,
          shapermc_ecumenical_altar_mp_ritualfount
D:4:      layout_rooms, lemuel_tele_altar, nicolae_hepliaklqana_hazy_memory,
          grunt_dithmenos_smoke_and_mirrors, nicolae_ashenzari_skybound
D:5:      layout_layer_cave, lemuel_doored_altar, serial_bayou_ford_a,
          uniq_crazy_yiuf_cottage, uniq_sigmund, uniq_edmund, uniq_grinder
D:6:      hellmonk_crumbling_castle, layout_loops_ring, fedhas_altar_fruit_tree
D:7:      layout_basic, minmay_temple_entry_trees
D:8:      layout_loops_cross, lemuel_coloured_pillars_altar,
          ploomutoo_gammafunk_ghost_potion_laboratory
D:9:      layout_irregular_city, nicolae_twisty_statue_hallways, uniq_psyche
D:10:     layout_rooms, good_gods_temple_1
D:11:     layout_rooms, dpeg_oklobed_lair, xom_redecorated

Skill      XL: |  1  2  3  4  5  6  7  8  9 10 |
---------------+-------------------------------+-----
Spellcasting   | 3 4 5 6 8 10 11 | 11.1
Ice Magic      | 5 6 7 |  7.0
Summonings     | 1 2 |  2.0
Invocations    | 3 4 5 |  5.0
Fighting       | 4 5 |  5.0
Dodging        | 3 4 |  4.0
Stealth        | |  2.4

Action                     |  1- 3 |  4- 6 |  7- 9 | 10-12 || total
---------------------------+-------+-------+-------+-------++-------
  Melee: Unarmed           |     3 |       |       |       ||     3
         Bite              |     8 |       |    34 |    32 ||    74
         Dagger            |    18 |       |    84 |    70 ||   172
         Punch             |     1 |       |     1 |     2 ||     4
   Cast: Freeze            |    17 |       |    14 |       ||    31
         Frozen Ramparts   |     1 |     3 |    20 |     6 ||    30
         Summon Ice Beast  |       |     7 |    20 |     5 ||    32
         Ozocubu's Armour  |       |       |     8 |     5 ||    13
  Evoke: Wand              |       |       |     2 |     1 ||     3
    Use: Scroll            |     5 |     3 |     9 |       ||    17
         Potion            |       |       |     1 |       ||     1
   Stab: Sleeping          |       |       |       |     1 ||     1
 Armour: Robe              |    27 |     2 |    88 |    24 ||   141
         Troll leather arm |       |       |       |    10 ||    10
  Dodge: Dodged            |    21 |     1 |    63 |    31 ||   116
